Map: Jagannatha LE

Players

Solar

  • Race: Zerg Zerg
  • League: Master
  • Spawn Location: 1:00

ByuN - Winner!

  • Race: Terran Terran
  • League: Master
  • Spawn Location: 7:00

Event: Cheeseadelphia Winter Championship 2021

VOD

Have the link to the VOD?

Description

Time

  • Played on: Jan. 24, 2021, 5:54 p.m.
  • Length: 13:34

All games in this series

Show
View Real Time Build Order
Export as new Build Order

Solar Zerg 

Build Orders: Hatch First, Muta Ling Bane 

Get SALT Encoding   

  12  0:00  Drone  
  13  0:12  Overlord  
  13  0:16  Drone  
  14  0:30  Drone x2  
  16  0:47  Hatchery  
  15  0:51  Drone  
  15  0:54  Drone  
  17  0:57  Drone  
  18  1:08  Extractor  
  17  1:13  Spawning Pool  
  17  1:16  Drone  
  17  1:20  Drone  
  18  1:27  Drone  
  19  1:38  Drone  
  20  1:50  Drone  
  21  1:59  Queen  
  21  2:00  Zergling x2, Queen  
  26  2:01  Zergling x2  
  27  2:10  Overlord  
  27  2:11  Drone  
  28  2:22  Hatchery  
  28  2:25  Drone  
  28  2:29  Drone  
  29  2:35  Spore Crawler  
  28  2:39  Queen  
  28  2:41  Metabolic Boost  
  31  2:44  Drone  
  31  2:49  Overlord  
  32  2:53  Drone  
  32  2:55  Drone  
  34  3:00  Drone x2  
  36  3:08  Drone x4  
  36  3:10  Drone  
  41  3:17  Queen  
  43  3:21  Overlord  
  43  3:22  Drone  
  44  3:27  Overlord  
  44  3:34  Queen  
  44  3:35  Drone  
  44  3:38  Zergling x2, Drone x2  
  44  3:40  Zergling x2  
  51  3:42  Drone  
  51  3:45  Overlord  
  51  3:47  Drone  
  53  3:49  Drone  
  53  3:51  Drone  
  53  3:52  Drone  
  53  3:53  Drone  
  57  3:57  Queen  
  57  4:00  Drone  
  57  4:01  Zergling x2  
  61  4:03  Zergling x2  
  61  4:06  Overlord  
  62  4:13  Drone x2  
  63  4:18  Zergling x2  
  63  4:21  Lair  
  63  4:23  Zergling x4  
  66  4:25  Zergling x6  
  66  4:26  Baneling Nest  
  66  4:28  Overlord  
  68  4:31  Overlord  
  68  4:33  Queen  
  68  4:34  Zergling x2  
  68  4:37  Zergling x2  
  72  4:40  Zergling x6  
  72  4:44  Drone x2  
  72  4:45  Extractor, Drone  
  74  4:46  Extractor, Drone  
  74  4:49  Overlord  
  74  4:52  Overlord  
  74  4:55  Zergling x2  
  74  4:56  Drone  
  76  5:00  Spore Crawler, Drone x3  
  76  5:03  Drone  
  76  5:06  Overlord  
  79  5:09  Drone  
  79  5:12  Spore Crawler x2  
  78  5:19  Drone x5  
  77  5:23  Drone x2  
  77  5:24  Drone  
  80  5:31  Spire, Drone  
  80  5:33  Extractor  
  79  5:35  Overseer  
  79  5:37  Drone  
  79  5:38  Drone x2  
  79  5:40  Extractor  
  79  5:41  Extractor  
  79  5:42  Drone x2  
  82  5:44  Drone  
  82  5:45  Drone  
  84  5:50  Baneling x5  
  84  5:51  Baneling  
  84  5:53  Drone x3  
  84  5:56  Drone  
  88  5:57  Drone  
  88  5:59  Drone x2  
  88  6:01  Drone  
  88  6:02  Drone  
  88  6:03  Drone  
  94  6:06  Drone x3  
  94  6:10  Overlord  
  97  6:13  Drone  
  97  6:15  Overlord  
  97  6:17  Drone  
  97  6:18  Zergling x4  
  100  6:22  Overlord  
  100  6:24  Drone  
  101  6:27  Evolution Chamber  
  101  6:28  Drone, Evolution Chamber  
  98  6:33  Overlord  
  98  6:34  Drone  
  98  6:37  Drone  
  100  6:41  Centrifical Hooks  
  100  6:49  Hatchery  
  99  6:55  Mutalisk x6  
  99  6:57  Mutalisk  
  113  7:02  Zergling x2  
  113  7:03  Zergling x6  
  113  7:06  Zergling x2  
  113  7:08  Zergling x8  
  122  7:11  Zerg Ground Armor Level 1  
  122  7:12  Zerg Melee Weapons Level 1  
  122  7:14  Baneling  
  122  7:15  Overlord  
  122  7:16  Zergling x2  
  122  7:18  Baneling x3  
  122  7:22  Zergling x8  
  127  7:26  Overlord  
  127  7:27  Zerg Flyer Weapons Level 1  
  127  7:32  Mutalisk  
  127  7:36  Zergling x10  
  134  7:43  Zergling x2  
  134  7:44  Zergling x6, Overlord  
  137  7:54  Mutalisk  
  137  7:55  Mutalisk x2  
  137  7:56  Zergling x4  
  143  8:02  Baneling  
  143  8:03  Overlord  
  138  8:05  Zergling x2, Hatchery  
  138  8:06  Zergling x10  
  138  8:09  Mutalisk x2  
  147  8:18  Zergling x6  
  147  8:19  Baneling x3  
  150  8:21  Zergling x6  
  150  8:26  Overlord  
  153  8:31  Zergling x4  
  153  8:40  Mutalisk x2  
  153  8:41  Mutalisk  
  157  8:48  Baneling x2  
  159  8:51  Drone x4  
  159  8:52  Drone x2  
  159  8:53  Drone  
  159  8:54  Extractor  
  165  8:55  Zergling x4  
  165  8:56  Zergling x4  
  169  9:09  Baneling x7  
  169  9:10  Zerg Melee Weapons Level 2, Zerg Ground Armor Level 2, Baneling x2  
  169  9:11  Overlord  
  169  9:13  Overlord  
  169  9:14  Overlord  
  169  9:16  Overlord  
  169  9:17  Drone  
  169  9:18  Drone  
  169  9:19  Drone  
  169  9:20  Drone  
  169  9:24  Mutalisk  
  173  9:25  Overlord  
  173  9:29  Drone  
  173  9:31  Zergling x6  
  179  9:32  Infestation Pit  
  179  9:34  Baneling  
  179  9:35  Baneling x6  
  179  9:37  Zergling x4  
  180  9:42  Zergling x10, Hatchery  
  184  9:46  Zergling x8  
  184  9:48  Zergling x2  
  189  9:53  Drone x6  
  189  9:58  Extractor  
  194  10:00  Drone x2  
  194  10:03  Baneling x2  
  194  10:06  Pneumatized Carapace  
  196  10:08  Zergling x6  
  199  10:14  Hive  
  199  10:19  Drone  
  196  10:22  Zerg Flyer Weapons Level 2  
  196  10:24  Drone  
  197  10:31  Zergling x8  
  197  10:33  Zergling x2  
  197  10:34  Zergling x6  
  199  10:43  Baneling x4  
  199  10:44  Baneling x3  
  199  10:47  Baneling x8  
  199  10:56  Baneling x4  
  199  11:09  Zergling x6  
  199  11:11  Zergling x2  
  198  11:13  Zergling x4  
  198  11:15  Mutalisk x6  
  197  11:28  Mutalisk x4  
  197  11:30  Zergling x2  
  197  11:31  Zergling x2  
  198  11:37  Zergling x14  
  192  11:40  Zergling x14  
  192  11:46  Adrenal Glands  
  199  11:49  Extractor  
  199  11:50  Drone  
  199  11:51  Ultralisk Cavern  
  199  11:52  Drone  
  199  11:57  Baneling x7  
  199  11:59  Zergling x12  
  197  12:02  Zergling x4  
  197  12:05  Zergling x14  
  182  12:08  Zergling x12  
  171  12:16  Zergling x12  
  171  12:20  Mutalisk x2  
  171  12:22  Baneling x2  
  179  12:23  Zergling x2, Hatchery  
  179  12:28  Zergling x4  
  167  12:30  Baneling x7  
  167  12:34  Zergling x2  
  156  12:37  Zergling x14  
  156  12:43  Zergling x4, Ultralisk x2  
  166  12:47  Zergling x4  
  155  12:51  Zergling x4  
  155  12:54  Zergling x4  
  153  13:00  Zergling x8, Extractor  
  153  13:04  Zergling x8  
  156  13:08  Zergling x6  
  148  13:14  Zergling x6  
Show
View Real Time Build Order
Export as new Build Order

ByuN Terran - Winner!

Build Orders: Reaper Expand, Hellion Banshee 

Get SALT Encoding   

  12  0:00  SCV  
  13  0:12  SCV  
  14  0:17  Supply Depot  
  14  0:24  SCV  
  15  0:38  SCV  
  15  0:40  Barracks  
  16  0:44  Refinery  
  16  0:51  SCV  
  17  1:03  SCV  
  18  1:15  SCV  
  19  1:27  Orbital Command  
  19  1:28  Reaper  
  20  1:39  Command Center  
  20  1:49  Supply Depot  
  20  1:52  SCV  
  21  1:59  Marine  
  22  2:03  Factory  
  22  2:08  SCV  
  23  2:12  Refinery  
  23  2:20  SCV  
  23  2:21  Barracks Reactor  
  24  2:32  SCV  
  26  2:44  SCV  
  26  2:50  Starport  
  26  2:51  Orbital Command  
  26  2:56  SCV  
  27  3:02  Hellion x2  
  31  3:05  Marine  
  31  3:08  SCV  
  33  3:16  Supply Depot  
  33  3:20  SCV  
  33  3:21  SCV  
  33  3:24  Hellion x2, Marine  
  33  3:27  Medivac  
  42  3:33  Armory  
  42  3:35  SCV  
  42  3:37  SCV  
  44  3:48  Hellion x2  
  49  3:51  Supply Depot  
  49  3:53  SCV x2  
  50  3:57  Starport Tech Lab  
  50  4:05  SCV x2  
  50  4:09  Hellion  
  54  4:13  Supply Depot, Hellion  
  56  4:17  SCV x2, Marine  
  59  4:24  Banshee  
  62  4:34  Hellion, SCV  
  62  4:38  Hellion x3  
  64  4:44  Command Center  
  57  4:46  Barracks Tech Lab, Hellion  
  57  4:52  SCV x2  
  61  5:04  SCV x2  
  63  5:07  Engineering Bay, Marine  
  63  5:08  Engineering Bay, Stimpack  
  64  5:16  SCV x2  
  64  5:17  Factory Reactor  
  66  5:25  Marine  
  67  5:28  SCV x2  
  67  5:29  Barracks  
  67  5:32  Barracks  
  67  5:33  Starport Reactor, Refinery  
  67  5:35  Refinery  
  69  5:40  Terran Infantry Armor Level 1, Terran Infantry Weapons Level 1, SCV  
  70  5:48  Barracks x2  
  70  5:50  Supply Depot  
  70  5:52  Supply Depot  
  70  5:56  SCV  
  70  6:03  Marine  
  66  6:09  SCV x2  
  68  6:19  Marine x2  
  68  6:20  Siege Tank  
  68  6:21  Marine  
  68  6:22  Hellion x5, SCV x2  
  68  6:23  Orbital Command  
  76  6:28  Marine x2  
  77  6:34  SCV x2  
  77  6:35  Barracks Reactor  
  77  6:36  Barracks Reactor  
  77  6:37  Medivac x2, Marine x2  
  77  6:39  Marine  
  83  6:44  Orbital Command  
  83  6:46  Marine x2  
  85  6:51  Combat Shield  
  85  6:55  Supply Depot x2, Marine x2  
  85  6:56  SCV x2  
  85  6:57  Marine  
  90  7:04  Marine x2  
  90  7:06  Siege Tank  
  95  7:08  SCV x2  
  95  7:09  SCV  
  95  7:11  Supply Depot  
  95  7:12  Supply Depot  
  95  7:13  Marine x2  
  95  7:14  Marine  
  101  7:16  Marine x4  
  101  7:18  Missile Turret  
  101  7:20  Missile Turret, SCV x2  
  101  7:21  Missile Turret  
  101  7:22  Marine  
  108  7:23  SCV  
  108  7:27  Marine  
  110  7:30  Marine x2  
  110  7:32  SCV  
  110  7:33  SCV  
  110  7:35  Supply Depot  
  110  7:36  Supply Depot  
  114  7:37  Marine  
  114  7:38  Marine x4  
  116  7:47  Orbital Command  
  116  7:48  Medivac x2  
  116  7:49  Marine x2  
  116  7:50  Marine  
  121  7:52  Marine  
  121  7:54  SCV x2  
  121  7:55  Marine x3  
  118  8:04  Marine x2  
  119  8:07  Marine  
  119  8:09  Supply Depot  
  120  8:13  SCV x2  
  120  8:14  SCV  
  120  8:15  Missile Turret  
  120  8:18  Medivac  
  125  8:25  Marine  
  125  8:26  Marine x8  
  134  8:34  Terran Infantry Armor Level 2, Terran Infantry Weapons Level 2  
  134  8:36  SCV x2  
  136  8:44  Factory, SCV  
  137  8:48  SCV x2  
  137  8:50  Refinery  
  137  8:55  Marine x4  
  139  8:56  Marine x3  
  139  8:58  Marine x2  
  139  9:02  Siege Tank  
  151  9:18  Command Center  
  151  9:19  Missile Turret  
  151  9:23  Medivac x2  
  155  9:31  Terran Vehicle And Ship Armor Level 1  
  155  9:34  Marine x2  
  155  9:35  Factory Reactor  
  157  9:40  Supply Depot  
  157  9:41  Supply Depot x2  
  157  9:54  Supply Depot  
  157  9:56  Marine x5  
  165  10:00  Sensor Tower  
  165  10:01  Marine  
  165  10:02  Thor, Marauder  
  165  10:03  Concussive Shells  
  171  10:11  Marine x2  
  171  10:14  Marine x5  
  176  10:23  Marauder  
  176  10:24  Marine  
  176  10:27  Widow Mine x2  
  182  10:29  Marine x2  
  182  10:32  Marine x3  
  184  10:38  Barracks  
  184  10:42  Barracks  
  184  10:44  Barracks  
  184  10:45  Marauder  
  184  10:46  Marine x4  
  184  10:47  Marine  
  191  10:50  Marine  
  191  10:54  Widow Mine x2  
  196  11:04  SCV x3  
  196  11:08  Planetary Fortress, Orbital Command  
  195  11:16  SCV x2  
  195  11:17  Marine  
  195  11:18  Marine x2  
  200  11:21  Missile Turret  
  200  11:24  Missile Turret  
  200  11:28  Marine  
  200  11:30  Marine x2  
  200  11:32  Marine  
  196  11:33  Marine x2  
  196  11:34  Barracks Tech Lab, Widow Mine x2  
  196  11:35  Marine x2  
  196  11:36  Marine  
  196  11:39  Missile Turret, SCV  
  177  11:47  Barracks Tech Lab  
  177  11:56  Marauder  
  177  12:00  SCV x3  
  180  12:06  Widow Mine  
  177  12:12  SCV x3, Marine x2  
  180  12:22  Missile Turret  
  180  12:26  SCV  
  180  12:29  Marine  
  180  12:31  Marine x2  
  180  12:32  Medivac x2  
  180  12:36  Marauder  
  172  12:39  Marine x4  
  172  12:43  Widow Mine  
  149  12:52  Marauder x2, Marine  
  149  12:53  Marine x2  
  149  12:57  Marine x3  
  149  12:58  Marine x2  
  153  13:02  Medivac x2  
  153  13:05  SCV x3  
  141  13:15  Marine x4  
  145  13:21  SCV x4  
Tags
 
Add a new tag
Caveats
  • Supply blocks, unpowered buildings, or Contaminate may cause inaccurate times.
  • Supply counts are checked every 10 seconds.